AoeStats
← Jûb'Z

Arabia

508537872Analyzed
1v1 RM · 9d ago on Sep 22, 2026· 59m 27s· 2 players
Game mode
Random Map
Map size
Tiny (2 player)
Population
200
Speed
Normal
Resources
Standard
Victory
Conquest
Starting age
Dark Age
Ending age
Imperial Age
RankedLock teamsTeams togetherTeam positionsShared explorationLock speedFull tech treeHidden civsTurbo modeCheats
Victory
Defeat
🇫🇷 Spanish · France
351
+16
🇨🇱 Mongols · Chile
358
-16
Jûb'Z
7:40 Loom
10:07 Feudal Age
12:02 Horse Collar
12:09 Double-Bit Axe
12:41 Town Watch
21:20 Castle Age
23:03 Squires
23:31 Bow Saw
28:28 Husbandry
28:38 Bloodlines
29:22 Scale Mail Armor
29:28 Scale Barding Armor
29:34 Forging
30:42 Stone Mining
40:25 Chain Barding Armor
40:40 Iron Casting
40:01 Pikeman
44:34 Town Patrol
49:10 Imperial Age
49:08 Wheelbarrow
48:42 Fletching
49:28 Ballistics
52:48 Cavalier
55:28 Plate Barding Armor
55:53 Blast Furnace
54:49 Bodkin Arrow
54:55 Padded Archer Armor
56:18 Chemistry
55:56 Conscription
56:36 Paladin
58:08 Elite Conquistador
59:21 Leather Archer Armor
Elvistec2676
9:53 Feudal Age
11:24 Double-Bit Axe
13:15 Horse Collar
20:25 Castle Age
20:26 Gold Mining
21:34 Heavy Plow
21:59 Bow Saw
27:16 Fletching
30:11 Wheelbarrow
29:05 Light Cavalry
32:29 Hand Cart
32:28 Loom
33:24 Pikeman
37:47 Imperial Age
35:59 Forging
35:56 Scale Barding Armor
36:51 Elite Skirmisher
37:36 Thumb Ring
41:46 Elite Steppe Lancer
47:18 Ballistics
47:59 Chemistry
46:59 Bodkin Arrow
47:40 Iron Casting
47:06 Padded Archer Armor
47:06 Scale Mail Armor
47:27 Chain Barding Armor
47:43 Heavy Camel Rider
49:52 Capped Ram
52:20 Conscription
52:33 Drill
52:49 Husbandry
52:52 Siege Ram
55:00 Gold Shaft Mining
54:16 Stone Mining
56:14 Blast Furnace
55:15 Bracer
55:30 Chain Mail Armor
55:31 Leather Archer Armor
55:39 Nomads
Connection lost

Rejoining the realm…

Still unreachable

The connection could not be restored.

Session expired

The server has moved on; the page needs a fresh start.